 Dungeon Crawl Stone Soup version 0.29.1-12-g30fa7ad0bf (webtiles) character file.

Game seed: 11902575567014171534

2448 zlionsfan the Magician (level 9, -4/59 HPs)
             Began as a Djinni Fire Elementalist on Jan 12, 2023.
             Was a Follower of Qazlal.
             Killed from afar by an electric eel (10 damage)
             ... with a bolt of electricity
             ... in a bailey.
             The game lasted 00:28:29 (6818 turns).

zlionsfan the Magician (Djinni Fire Elementalist)   Turns: 6818, Time: 00:28:29

Health: -4/59      AC:  5    Str:  7    XL:     9   Next: 78%
Gold:   175        EV: 18    Int: 20    God:    Qazlal [*.....] SH:  1 Dex: 15

rFire   + + .      SeeInvis +   d - +3 short sword (drain)
rCold   x . .      Faith    .   (no shield)
rNeg    . . .      Spirit   .   a - +0 robe
rPois   ∞          Reflect  .   o - +0 helmet
rElec   .          Harm     .   y - +1 cloak {rPois}
rCorr   .          Rampage  .   (no gloves)
Will    .....                   (boots unavailable)
Stlth   ++........              (no amulet)
HPRegen 0.19/turn               A - +4 ring of evasion
MPRegen 0.00/turn               p - ring of see invisible

@: flying
A: sickness immunity, fire resistance 2, cold vulnerability 1, float, innate
caster, HP casting, extra vitality 1
a: Renounce Religion


You were in a bailey.
You worshipped Qazlal.
Qazlal was aware of your devotion.
You visited 2 branches of the dungeon, and saw 8 of its levels.
You also visited: Bailey.

You collected 415 gold pieces.
You spent 240 gold pieces at shops.

Inventory:

Hand Weapons
 d - a +3 short sword of draining (weapon)
Armour
 a - a +0 robe (worn)
 o - a +0 helmet (worn)
 y - a +1 cloak of poison resistance (worn)
Jewellery
 b - a +4 ring of protection
 p - a ring of see invisible (right hand)
 A - a +4 ring of evasion (left hand)
Wands
 l - a wand of digging (5)
 u - a wand of polymorph (3)
 w - a wand of flame (14)
Scrolls
 g - a scroll of amnesia {unknown}
 i - 3 scrolls of teleportation
 m - 4 scrolls of identify
 n - a scroll of enchant armour {unknown}
 q - a scroll of noise {unknown}
 s - a scroll of summoning {unknown}
 x - a scroll of fear {unknown}
 z - a scroll of acquirement {unknown}
 B - a scroll of blinking {unknown}
Potions
 c - 2 potions of might {unknown}
 e - 2 potions of brilliance {unknown}
 f - a potion of invisibility {unknown}
 h - a potion of flight {unknown}
 j - 4 potions of curing
 k - a potion of degeneration {unknown}
 r - a potion of attraction {unknown}
 t - 2 potions of lignification {unknown}
 v - 5 potions of mutation


   Skills:
 + Level 2.3 Fighting
 + Level 4.5 Short Blades
 + Level 4.8 Dodging
 + Level 3.6 Stealth
 * Level 7.8 Spellcasting


You had 2 spell levels left.
You knew the following spells:

 Your Spells              Type           Power      Damage    Failure   Level
a - Foxfire               Conj/Fire      100%       2x1d9     1%          1
b - Scorch                Fire           78%        2d9       1%          2
c - Conjure Flame         Conj/Fire      39%        6-21      1%          3
d - Inner Flame           Hex/Fire       39%        N/A       1%          3
e - Flame Wave            Conj/Fire      39%        2d11      3%          4
f - Beastly Appendage     Tmut           78%        N/A       1%          1
g - Static Discharge      Conj/Air       39%        3-8/arc   1%          2
h - Searing Ray           Conj           78%        2d7       1%          2
i - Confusing Touch       Hex            39%        N/A       1%          3
Your spell library was empty.

Dungeon Overview and Level Annotations

Branches:
Dungeon (7/15)             Temple (1/1) D:4          Bailey (1/1)

Altars:
Ashenzari
Cheibriados
Dithmenos
Fedhas
Gozag
Hepliaklqana
Makhleb
Qazlal
Ru
Wu Jian
Yredelemnul
Zin
The Shining One

Shops:
D:5 [[*


Innate Abilities, Weirdness & Mutations

You are immune to sickness and miasma.
You are immune to poison.
Your flesh is very heat resistant. (rF++)
You are vulnerable to cold. (rC-)
You float through the air rather than walking.
You learn spells naturally, not from books.
Your magical power is your life essence.
You have superior vitality. (+4 MHP)


Message History

The world spins around you as you enter the gateway.
You enter a bailey!
Found a gate leading back out of this place.
There is an empty arch of ancient stone here.
You start resting.
HP restored.
An electric eel comes into view.
The electric eel shoots out a bolt of lightning at you!
The bolt of electricity hits you!
Casting: Foxfire (safe; 1% risk of failure)
Confirm with . or Enter, or press ? or * to list all spells.
You conjure some foxfire!
An electric eel comes into view.
The foxfire hits the electric eel.
The electric eel is lightly wounded.
The foxfire hits the electric eel!
The electric eel is severely wounded.
The electric eel shoots out a bolt of lightning at you!
The bolt of electricity hits you!
The electric eel is engulfed in a cloud of scalding steam.
You kill the electric eel!
Qazlal accepts your kill.
You hear a splash.
Casting: Foxfire (safe; 1% risk of failure)
Confirm with . or Enter, or press ? or * to list all spells.
You conjure some foxfire!
The electric eel shoots out a bolt of lightning at you!
The bolt of electricity hits you!
The electric eel shoots out a bolt of lightning at you!
The bolt of electricity hits you!
* * * LOW HITPOINT WARNING * * *
Your foxfire dissipates!
You start resting.
An electric eel is nearby!
The electric eel shoots out a bolt of lightning at you!
The bolt of electricity hits you!
* * * LOW HITPOINT WARNING * * *
The electric eel shoots out a bolt of lightning at you!
The bolt of electricity hits you!
You die...

≈≈ ≈≈≈≈
.~≈≈≈≈.######
#.~≈≈≈≈......#
#.~≈≈≈≈......###
+..............#
+..........∩..∩#
+............@.#
#.~≈≈≈≈......###
#.~≈≈≈≈......#
#.~≈≈≈S.######
#.~≈≈≈≈≈#
###≈≈≈≈≈#
#≈≈≈§≈# #≈§≈≈§#
#§≈≈§≈#


You could see an electric eel.

Vanquished Creatures
  Grinder (D:6)
  A steam dragon (D:7)
  Menkaure (D:6)
  A water moccasin (D:6)
  A black bear (D:5)
  2 ice beasts
  3 ogres
  A centaur (D:5)
  A phantom (D:6)
  2 kobold brigands (D:6)
  7 scorpions
  2 howler monkeys (D:5)
  An electric eel (Bailey)
  3 hounds
  3 orc priests
  Jessica (D:2)
  3 iguanas
  An orc wizard (D:4)
  Robin (D:3)
  A gnoll (D:3)
  10 adders
  2 white imps (D:5)
  An ufetubus (D:5)
  A worm (D:3)
  2 dart slugs
  6 orcs
  6 endoplasms
  3 giant cockroaches
  10 hobgoblins
  2 jackals (D:3)
  15 kobolds
  3 quokkas
  7 ball pythons
  8 bats
  A frilled lizard (D:2)
  17 goblins
  4 rats
135 creatures vanquished.

Vanquished Creatures (others)
  259 foxfires
259 creatures vanquished.

Grand Total: 394 creatures vanquished

Notes
Turn   | Place    | Note
-------+----------+-------------------------------------------
     0 | D:1      | zlionsfan the Djinni Fire Elementalist began the quest for
                  | the Orb.
     0 | D:1      | zlionsfan set off with the following spells memorised:
                  | Foxfire, Scorch, Conjure Flame, Inner Flame, Flame Wave.
     0 | D:1      | Reached XP level 1. HP: 15/15 MP: 0/0
   313 | D:1      | Reached XP level 2. HP: 20/21 MP: 0/0
   797 | D:2      | Reached skill level 3 in Spellcasting
  1010 | D:2      | Reached XP level 3. HP: 21/25 MP: 0/0
  1010 | D:2      | Learned a level 1 spell: Beastly Appendage
  1077 | D:2      | Noticed Jessica
  1088 | D:2      | Killed Jessica
  1089 | D:2      | Reached XP level 4. HP: 27/31 MP: 0/0
  1833 | D:3      | Reached skill level 4 in Spellcasting
  1833 | D:3      | Reached XP level 5. HP: 34/35 MP: 0/0
  1833 | D:3      | Learned a level 2 spell: Static Discharge
  1865 | D:3      | Reached skill level 1 in Short Blades
  2054 | D:3      | Noticed Robin
  2067 | D:3      | Killed Robin
  2365 | D:3      | Found a faded altar of an unknown god.
  2724 | D:4      | Reached XP level 6. HP: 39/40 MP: 0/0
  3005 | D:4      | Noticed an ogre
  3013 | D:4      | Killed an ogre
  3014 | D:4      | Reached skill level 5 in Spellcasting
  3014 | D:4      | Reached XP level 7. HP: 38/45 MP: 0/0
  3014 | D:4      | Learned a level 2 spell: Searing Ray
  3771 | D:4      | Found a staircase to the Ecumenical Temple.
  3777 | Temple   | Entered the Ecumenical Temple
  3812 | Temple   | Became a worshipper of Qazlal Stormbringer
  3896 | D:5      | Entered Level 5 of the Dungeon
  4281 | D:5      | Reached skill level 6 in Spellcasting
  4281 | D:5      | Reached XP level 8. HP: 38/51 MP: 0/0
  4476 | D:5      | Found a blossoming altar of Fedhas.
  4483 | D:5      | Identified the +7 chain mail "Forget-Me-Not" {+Blink rPois
                  | Int-2 Slay+3}
  4640 | D:5      | Reached skill level 1 in Fighting
  4954 | D:5      | Found Buudaun's Assorted Antiques.
  5053 | D:5      | Found Corolith's Antique Armour Boutique.
  5068 | D:5      | Found Vobruto's Antique Armour Emporium.
  5072 | D:5      | Bought a glowing cloak for 240 gold pieces
  5156 | D:5      | Reached XP level 9. HP: 57/58 MP: 0/0
  5156 | D:5      | Learned a level 3 spell: Confusing Touch
  5433 | D:6      | Reached skill level 7 in Spellcasting
  5659 | D:6      | Reached * piety under Qazlal
  5715 | D:6      | Noticed Grinder
  5897 | D:6      | Killed Grinder
  6214 | D:6      | Noticed Menkaure
  6220 | D:6      | Killed Menkaure
  6498 | D:6      | Found an opulent altar of Gozag.
  6600 | D:7      | Found a flagged portal.
  6647 | Bailey   | Entered a bailey
  6818 | Bailey   | Killed from afar by an electric eel

Illustrated notes

Levels and vault maps discovered:
D:1:      dpeg_arrival_lava_temple_mockup, layout_basic, kennysheep_nondescript,
          minivault_24, dreamdust_mushroom_princess
D:2:      layout_loops_ring, uniq_jessica
D:3:      layout_basic, cheibrodos_sewer_entry_sluice,
          nicolae_ecumenical_snake_handling, minmay_diced_spiral, uniq_robin
D:4:      layout_rooms, lemuel_tele_altar, minmay_temple_entry_trees,
          dk_vineyard_2, minmay_bent
D:5:      layout_loops_ring, fedhas_bush_and_centaur_altar, serial_shops,
          nicolae_shop_hallway_plus, shop, shop
D:6:      layout_gridville, grunt_gozag_statues, dk_noncrumbling_4,
          uniq_grinder, uniq_menkaure
D:7:      layout_cave_pools, enter_bailey_5, st_stairs_10
Temple:   nicolae_temple_bog_church
Bailey:   bailey_axe_of_yendor_kennysheep, bailey

Skill      XL: |  1  2  3  4  5  6  7  8  9 |
---------------+----------------------------+-----
Spellcasting   | 3 4 5 6 7 |  7.8
Short Blades   | 1 2 3 4 |  4.5
Stealth        | 2 3 |  3.6
Fighting       | 1 2 |  2.3
Dodging        | 3 4 |  4.8

Action                   |  1- 3 |  4- 6 |  7- 9 || total
-------------------------+-------+-------+-------++-------
Melee: Short sword       |    18 |    64 |    93 ||   175
       Punch             |       |     2 |       ||     2
       Unarmed           |       |     8 |       ||     8
 Cast: Foxfire           |    20 |    45 |    79 ||   144
       Beastly Appendage |     1 |       |       ||     1
       Scorch            |       |     2 |     3 ||     5
       Searing Ray       |       |       |    12 ||    12
Evoke: Wand              |       |       |     2 ||     2
  Use: Potion            |       |       |     2 ||     2
       Scroll            |       |       |     3 ||     3
 Stab: Sleeping          |       |     2 |     3 ||     5
       Confused          |       |     1 |       ||     1
Armor: Robe              |     6 |    27 |    52 ||    85
       Skin              |       |     3 |       ||     3
Dodge: Dodged            |    12 |    33 |   123 ||   168
Block: Other             |       |       |     2 ||     2
